[ PARTIDA AOE2 · #513805236 ]
UnrankedEtíopes vs Teutons
Equipo del jugador · VICT
Equipo rival · DERR
[ ANÁLISIS DE REPETICIÓN · EXTRAÍDO DE LA PARTIDA GRABADA ]
Feudal
11:10
Castillos
16:10
Imperial
—
| APM promedio | 44.7 |
| APM pico | 85 |
| eAPM promedio | 17.8 |
| Aldeanos / militares | 36 / 12 |
Foco
⚔️ 27.6% · 🌾 72.4%
Archer ×9 · Militia ×3
Feudal
8:31
Castillos
—
Imperial
—
| APM promedio | 78.4 |
| APM pico | 125 |
| eAPM promedio | 22.8 |
| Aldeanos / militares | 47 / 19 |
Foco
⚔️ 28.4% · 🌾 71.6%
Archer ×18 · Spearman ×1
Mapa de la partida
Recursos iniciales + cada clic de construcción. Líneas = muros · curvas = relieve. ◆ oro · ⬟ piedra · ● bayas · ✦ reliquia · ◌ hueco del cierre
Tu base· ✓ Cerrada en 16:11 · 22t muro · sin puerta
Base de great soup· Abierta — el rival se encerró
Terreno inicial suavizado · ◌ = hueco del cierre detectado · pasá el cursor para detalles
Inputs por minuto
— Eray_ - - great soup
Build order — Eray_
91 acciones detectadas en el replay
| 0:00 | queue | Villager (Male) |
| 0:01 | queue | Villager (Male) |
| 0:01 | queue | Villager (Male) |
| 0:02 | Construir | House |
| 0:03 | Construir | House |
| 0:11 | queue | Villager (Male) |
| 0:11 | queue | Villager (Male) |
| 0:11 | queue | Villager (Male) |
| 1:25 | queue | Villager (Male) |
| 1:26 | queue | Villager (Male) |
| 1:52 | Construir | Lumber Camp |
| 2:02 | queue | Villager (Male) |
| 2:02 | queue | Villager (Male) |
| 2:02 | queue | Villager (Male) |
| 2:17 | queue | Villager (Male) |
| 2:17 | queue | Villager (Male) |
| 2:47 | queue | Villager (Male) |
| 2:47 | queue | Villager (Male) |
| 2:47 | queue | Villager (Male) |
| 3:05 | queue | Villager (Male) |
| 3:05 | queue | Villager (Male) |
| 3:34 | queue | Villager (Male) |
| 3:48 | queue | Villager (Male) |
| 3:52 | Construir | House |
| 4:27 | queue | Villager (Male) |
| 4:40 | Construir | Barracks |
| 4:57 | queue | Villager (Male) |
| 4:57 | queue | Villager (Male) |
| 4:57 | queue | Villager (Male) |
| 5:14 | queue | Villager (Male) |
| 5:14 | queue | Villager (Male) |
| 5:26 | Construir | House |
| 5:33 | queue | Villager (Male) |
| 5:33 | queue | Villager (Male) |
| 5:42 | queue | Militia |
| 5:44 | Construir | House |
| 6:08 | queue | Militia |
| 6:26 | Construir | Palisade Wall |
| 6:31 | queue | Villager (Male) |
| 6:31 | queue | Villager (Male) |
| 6:36 | queue | Militia |
| 7:20 | queue | Villager (Male) |
| 7:30 | Construir | House |
| 8:00 | queue | Villager (Male) |
| 8:02 | Construir | House |
| 8:07 | Construir | Mining Camp |
| 8:12 | Construir | Palisade Wall |
| 8:35 | Investigar | Loom |
| 8:35 | Investigar | Loom |
| 8:36 | Investigar | Feudal Age |
| 8:36 | Investigar | Feudal Age |
| 9:01 | Construir | Palisade Wall |
| 9:11 | Construir | Mill |
| 10:59 | queue | Villager (Male) |
| 10:59 | queue | Villager (Male) |
| 11:10 | Edad | Edad Feudal |
| 11:14 | Construir | Archery Range |
| 11:45 | Construir | Blacksmith |
| 11:58 | queue | Villager (Male) |
| 12:12 | queue | Archer |
| 12:17 | queue | Villager (Male) |
| 12:18 | Construir | Farm |
| 12:45 | Construir | Farm |
| 12:48 | queue | Archer |
| 12:51 | Construir | Palisade Wall |
| 13:15 | queue | Archer |
| 13:20 | Construir | Farm |
| 13:31 | Investigar | Castle Age |
| 13:31 | Investigar | Castle Age |
| 13:31 | Investigar | Castle Age |
| 13:59 | queue | Archer |
| 14:20 | Construir | Lumber Camp |
| 14:33 | queue | Archer |
| 14:34 | Investigar | Fletching |
| 14:35 | Investigar | Fletching |
| 14:35 | Investigar | Fletching |
| 15:00 | Construir | Farm |
| 15:02 | Construir | Farm |
| 15:10 | queue | Archer |
| 15:10 | queue | Archer |
| 15:11 | queue | Archer |
| 15:21 | Construir | Farm |
| 15:29 | queue | Archer |
| 15:43 | Construir | House |
| 15:50 | Construir | Farm |
| 16:10 | Edad | Edad de los Castillos |
| 16:11 | Investigar | Bodkin Arrow |
| 16:11 | Investigar | Bodkin Arrow |
| 16:14 | Investigar | Crossbowman (upgrade) |
| 16:14 | Investigar | Crossbowman (upgrade) |
| 16:17 | Construir | Farm |
Build order — great soup
107 acciones detectadas en el replay
| 0:00 | queue | Villager (Male) |
| 0:02 | Construir | House |
| 0:04 | Construir | House |
| 0:24 | queue | Villager (Male) |
| 0:25 | queue | Villager (Male) |
| 0:25 | queue | Villager (Male) |
| 0:25 | queue | Villager (Male) |
| 1:37 | queue | Villager (Male) |
| 1:38 | queue | Villager (Male) |
| 1:45 | Construir | Lumber Camp |
| 2:06 | queue | Villager (Male) |
| 2:06 | queue | Villager (Male) |
| 2:13 | queue | Villager (Male) |
| 2:13 | queue | Villager (Male) |
| 2:50 | queue | Villager (Male) |
| 2:50 | queue | Villager (Male) |
| 3:03 | queue | Villager (Male) |
| 3:03 | queue | Villager (Male) |
| 3:35 | queue | Villager (Male) |
| 3:36 | queue | Villager (Male) |
| 3:36 | queue | Villager (Male) |
| 3:49 | Construir | House |
| 4:03 | queue | Villager (Male) |
| 4:03 | queue | Villager (Male) |
| 4:04 | queue | Villager (Male) |
| 4:57 | queue | Villager (Male) |
| 5:00 | queue | Villager (Male) |
| 5:04 | Investigar | Loom |
| 5:29 | Construir | Mill |
| 6:21 | Investigar | Feudal Age |
| 7:11 | Construir | Barracks |
| 7:22 | Construir | House |
| 7:46 | queue | Villager (Male) |
| 8:31 | Edad | Edad Feudal |
| 8:41 | Construir | Palisade Wall |
| 8:52 | queue | Villager (Male) |
| 9:07 | queue | Villager (Male) |
| 9:27 | queue | Villager (Male) |
| 9:44 | Investigar | Double-Bit Axe |
| 9:55 | Construir | Archery Range |
| 10:05 | Construir | Blacksmith |
| 10:07 | queue | Villager (Male) |
| 10:13 | queue | Villager (Male) |
| 10:15 | Construir | Mining Camp |
| 10:33 | queue | Villager (Male) |
| 10:38 | Investigar | Wheelbarrow |
| 10:38 | Investigar | Wheelbarrow |
| 10:40 | Construir | House |
| 10:56 | queue | Archer |
| 11:02 | Construir | House |
| 11:05 | Construir | Palisade Wall |
| 11:14 | queue | Villager (Male) |
| 11:19 | queue | Spearman |
| 11:37 | queue | Villager (Male) |
| 11:55 | Construir | Archery Range |
| 11:59 | queue | Archer |
| 12:00 | queue | Villager (Male) |
| 12:25 | queue | Villager (Male) |
| 12:28 | Construir | Farm |
| 12:29 | Construir | Farm |
| 12:31 | Construir | Farm |
| 12:33 | Construir | Farm |
| 12:36 | queue | Villager (Male) |
| 12:59 | queue | Villager (Male) |
| 13:03 | queue | Archer |
| 13:03 | queue | Archer |
| 13:13 | Construir | House |
| 13:15 | queue | Villager (Male) |
| 13:15 | queue | Villager (Male) |
| 13:24 | Construir | House |
| 13:29 | Investigar | Fletching |
| 13:29 | Investigar | Fletching |
| 13:29 | Investigar | Fletching |
| 13:44 | Construir | House |
| 13:50 | Construir | Palisade Wall |
| 13:52 | Construir | Palisade Wall |
| 13:54 | Construir | Farm |
| 14:01 | queue | Villager (Male) |
| 14:06 | queue | Archer |
| 14:06 | queue | Archer |
| 14:06 | queue | Archer |
| 14:10 | queue | Villager (Male) |
| 14:11 | queue | Villager (Male) |
| 14:11 | queue | Villager (Male) |
| 14:16 | Construir | Palisade Wall |
| 14:18 | Construir | Palisade Wall |
| 14:27 | queue | Villager (Male) |
| 14:37 | queue | Villager (Male) |
| 14:45 | queue | Archer |
| 14:45 | queue | Archer |
| 14:45 | queue | Archer |
| 14:45 | queue | Archer |
| 14:58 | Construir | Farm |
| 14:59 | Construir | Farm |
| 15:11 | Investigar | Gold Mining |
| 15:11 | Investigar | Gold Mining |
| 15:17 | queue | Archer |
| 15:17 | queue | Archer |
| 15:17 | queue | Archer |
| 15:35 | queue | Archer |
| 15:35 | queue | Archer |
| 15:38 | queue | Villager (Male) |
| 15:47 | Construir | House |
| 15:50 | queue | Archer |
| 16:04 | queue | Villager (Male) |
| 16:05 | queue | Archer |
| 16:11 | queue | Villager (Male) |
Cronología de la partida
| 4:40 | Eray_ · first_building Barracks |
| 6:26 | Eray_ · wall_segment Palisade Wall x10 |
| 7:11 | great soup · first_building Barracks |
| 8:12 | Eray_ · wall_segment Palisade Wall x8 |
| 8:31 | great soup · age_up feudal |
| 8:41 | great soup · wall_segment Palisade Wall x1 |
| 9:01 | Eray_ · wall_segment Palisade Wall x4 |
| 9:55 | great soup · first_building Archery Range |
| 11:05 | great soup · wall_segment Palisade Wall x9 |
| 11:10 | Eray_ · age_up feudal |
| 11:14 | Eray_ · first_building Archery Range |
| 12:51 | Eray_ · wall_segment Palisade Wall x1 |
| 13:50 | great soup · wall_segment Palisade Wall x5 |
| 13:52 | great soup · wall_segment Palisade Wall x4 |
| 14:16 | great soup · wall_segment Palisade Wall x21 |
| 14:18 | great soup · wall_segment Palisade Wall x3 |
| 16:10 | Eray_ · age_up castle |
| 16:19 | great soup · resign |
[ ANÁLISIS IA · 1 CRÉDITO ]
¿Qué pasó realmente en esta partida?
Wolo.gg analiza cada decisión: build order, eco, micro, errores típicos por bracket. Análisis personalizado por WhatsApp o Discord en 30 segundos.
Guía civ
Etíopes
Perfil
Jugador #23347000